 Dungeon Crawl Stone Soup version 0.30-a0-629-gd54f4be4f7 (webtiles) character file.

Game seed: 16081107423983289349

179 bmack86 the Trooper (level 5, 0/45 (47) HPs)
             Began as a Minotaur Fighter on Jan 12, 2023.
             Slain by a wight
             ... wielding a +0 scimitar
              (3 damage)
             ... on level 4 of the Dungeon.
             The game lasted 00:06:59 (1929 turns).

bmack86 the Trooper (Minotaur Fighter)              Turns: 1929, Time: 00:07:00

HP:   0/45 (47)     AC:  9    Str: 22    XL:     5   Next: 33%
MP:   4/4           EV:  7    Int:  5    God:
Gold: 144           SH:  4    Dex: 10    Spells: 4/4 levels left

rFire   . . .      SeeInvis .    q - +2 war axe (flame)
rCold   . . .      Faith    .    c - +0 buckler
rNeg    . . .      Spirit   .    h - +0 chain mail
rPois   .          Reflect  .    (helmet restricted)
rElec   .          Harm     .    (no cloak)
rCorr   .          Rampage  .    (no gloves)
Will    .....                    (no boots) Stlth
                                 (no amulet)
HPRegen 0.27/turn                (no ring)
MPRegen 0.09/turn                (no ring)

@: lightly drained
A: horns 2, retaliatory headbutt
a: no special abilities


You were on level 4 of the Dungeon.
You visited 1 branch of the dungeon, and saw 4 of its levels.

You collected 361 gold pieces.
You spent 217 gold pieces at shops.

Inventory:

Hand Weapons
 a - a +0 war axe
 q - a +2 war axe of flaming (weapon)
Missiles
 f - 8 poisoned darts (quivered)
Armour
 b - a +0 scale mail
 c - a +0 buckler (worn)
 h - a +0 chain mail (worn)
 j - a +0 plate armour
Scrolls
 e - a scroll of enchant armour
 i - a scroll of teleportation
 k - a scroll of fear
 l - a scroll of amnesia
 n - a scroll of poison {unknown}
 r - a scroll of silence {unknown}
 s - a scroll of vulnerability {unknown}
Potions
 d - 2 potions of might
 g - 3 potions of magic
 m - a potion of brilliance
 o - a potion of lignification


   Skills:
 * Level 4.9 Fighting
 * Level 4.0 Axes
 + Level 1.6 Throwing
 + Level 4.3 Armour
 + Level 4.5 Shields


You had 4 spell levels left.
You didn't know any spells.
Your spell library was empty.

Dungeon Overview and Level Annotations

Branches:
Dungeon (4/15)             Temple (0/1) D:4

Altars:
Cheibriados
Qazlal

Shops:
D:1 ?   D:2 (   D:3 :


Innate Abilities, Weirdness & Mutations

You have a pair of horns on your head.
You reflexively headbutt those who attack you in melee.


Message History

You barely miss the wight.
The wight is almost destroyed.
You barely miss the adder. The wight hits you with a +0 flail.
The adder bites you. The wight completely misses you. You furiously retaliate!
You headbutt the wight!
You destroy the wight!
Your life force feels restored.
You have reached level 5!
The adder bites you but does no damage. x2
The adder closely misses you. The adder bites you but does no damage.
You slash the adder! You burn the adder.
You kill the adder!
Your Axes skill increases to level 4!
Found a scroll labelled TAYSEKK RYFIHA.
Found a stone staircase leading down.
You see here a +0 plate armour.
j - a +0 plate armour 2 wights come into view.
Found a stone staircase leading down.
The wight moves out of view. x2
A wight comes into view.
It is wielding a +4 scimitar of freezing.
You see here a scroll labelled TAYSEKK RYFIHA.
n - a scroll labelled TAYSEKK RYFIHA You hit the wight but do no damage.
You hit the wight. You burn the wight. The wight hits you with a +1 mace.
You feel drained. The wight hits you with a +0 scimitar!
You feel drained.
You hit the wight. You burn the wight.
The wight is moderately damaged.
You hit the wight but do no damage. The wight hits you but does no damage.
The wight barely misses you. The wight hits you with a +1 mace.
The wight barely misses you. You furiously retaliate!
You headbutt the wight! You closely miss the wight.
The wight is heavily damaged.
You completely miss the wight. You hit the wight but do no damage.
The wight hits you with a +4 scimitar of freezing!
* * * LOW HITPOINT WARNING * * *
The wight freezes you.
* * * LOW HITPOINT WARNING * * *
The wight barely misses you. The wight hits you with a +0 scimitar.
You die...

,,,***,* #.......##.....,,,,,,,,,
,,**,*,**#......>........,,,,****
,,,,,,,,,................,,,,,***
,,,,,,,,,................,,,,***,
,,,,,,,,,...............,,,,,,***
,,,,,,,,,.....>.........,,,,,****
,,,,,****,#.........#,,****,,,,,,
**<*******#....z....#*,***,,,,,**
****,,,,,*####.z@...#,,**,,,,,,**
,,,*,,,,,*,,.#.z##..#,,,,,,.,,,,,
,⌠,,,,>,,,,⌠...#*#..#**,,,..,,,,,
,,,*,,,,,#...#.* #..##***...,,,,,
****,,,,,#####.####..#**....,,,,*
,,,*******,,.....#...#*.....,,,,*
,,,,,,,,,,***#*#..).##......,,,,,
,,,,,,,,,**#####............,,,,,
,,,,,,,,,,##...##..†........,,,,,


You could see 3 wights.

Vanquished Creatures
  A wight (D:4)
  A gnoll (D:1)
  4 adders
  2 worms
  3 dart slugs
  7 endoplasms
  5 giant cockroaches
  8 goblins
  3 hobgoblins (D:2)
  4 quokkas
  8 ball pythons
  6 bats
  4 frilled lizards
  8 kobolds
  4 rats (D:3)
68 creatures vanquished.

Vanquished Creatures (others)
  2 plants (D:1)
2 creatures vanquished.

Grand Total: 70 creatures vanquished

Notes
Turn   | Place    | Note
-------+----------+-------------------------------------------
     0 | D:1      | bmack86 the Minotaur Fighter began the quest for the Orb.
     0 | D:1      | Reached XP level 1. HP: 19/19 MP: 0/0
   176 | D:1      | Reached XP level 2. HP: 23/27 MP: 1/1
   383 | D:1      | Found Dejyhev's Magic Scroll Emporium.
   416 | D:1      | Bought a scroll of noise for 12 gold pieces
   416 | D:1      | Bought a scroll of identify for 24 gold pieces
   416 | D:1      | Bought a scroll of identify for 24 gold pieces
   416 | D:1      | Bought a scroll of identify for 24 gold pieces
   545 | D:1      | Reached XP level 3. HP: 33/33 MP: 2/2
   738 | D:1      | You fall into a shaft and drop 1 floor!
   855 | D:1      | Found a faded altar of an unknown god.
   918 | D:2      | Reached skill level 1 in Throwing
   972 | D:2      | Found Pyroiryaw's Weapon Shop.
  1006 | D:2      | Reached XP level 4. HP: 41/41 MP: 3/3
  1327 | D:2      | Bought a +1 war axe of flaming for 133 gold pieces
  1415 | D:3      | Found Ohun's Vocational Training.
  1587 | D:3      | Found a stormy altar of Qazlal.
  1822 | D:3      | Found a snail-covered altar of Cheibriados.
  1909 | D:4      | Reached XP level 5. HP: 30/47 MP: 4/4
  1929 | D:4      | Slain by a wight

Illustrated notes

Levels and vault maps discovered:
D:1:      eino_arrival_cavern_c, layout_basic,
          shapermc_ecumenical_altar_hornbeckon, serial_shops, shop_coins,
          minmay_tetromino_t2
D:2:      layout_rooms, serial_shops, nicolae_shop_behind_doors
D:3:      layout_rooms, grunt_qazlal_sundering, mainiacjoe_overflow_alcove_4,
          dreamdust_wishing_well, nicolae_shop_vocational
D:4:      layout_cave_pools, minmay_temple_entry_antechambers, uniq_edmund,
          uniq_eustachio

Skill      XL: |  1  2  3  4  5 |
---------------+----------------+-----
Fighting       | 4 |  4.9
Axes           | 3 4 |  4.0
Shields        | 4 |  4.5
Throwing       | 1 |  1.6
Armour         | 4 |  4.3

Action                   |  1- 3 |  4- 6 || total
-------------------------+-------+-------++-------
Melee: War axe           |    75 |    40 ||   115
       Headbutt          |     5 |     4 ||     9
Throw: Dart              |     4 |       ||     4
  Use: Scroll            |       |     9 ||     9
Armor: Chain mail        |    54 |    27 ||    81
       Scale mail        |     5 |       ||     5
Dodge: Dodged            |    43 |    19 ||    62
Block: Buckler           |    27 |    10 ||    37

Table legend: (Time is in decaauts)
 A = Elapsed time spent in this place.
 B = Non-inter-level travel time spent in this place.
 C = Inter-level travel time spent in this place.
 D = Time resting spent in this place.
 E = Time spent auto-exploring this place.
 F = Levels seen in this place.
 G = Mean time per level.
                   A        B        C        D        E       F      G
               +--------+--------+--------+--------+--------+-----+--------+
         Total |   1978 |   1880 |     98 |     15 |   1021 |   4 |  494.5 |
       Dungeon |   1978 |   1880 |     98 |     15 |   1021 |   4 |  494.5 |
               +--------+--------+--------+--------+--------+-----+--------+

Top non-repeatable levels by time:
     D:1: 898 daAuts
     D:3: 535 daAuts
     D:2: 500 daAuts
     D:4: 43 daAuts
